cohdb
Replays
Latest Replays
All Replays
Popular Replays
Top Player Replays
Match Explorer
How It Works
Community
CoH3 Stats
Reddit
Sign in to upload your games and track your stats! →
Sign in with Steam
Match 39095963
Unlisted
Match 39095963
Overview
Messages
Build Orders
End
Construct Infanterie Kompanie
Selects Italian Coastal Battlegroup
Selects Coastal Reserves
Coastal Reserve
MG 42 Machine Gun Team
Coastal Reserve
Medical Bunker
Construct Luftwaffe Kompanie
Jäger Squad
Support Elements
Jäger Squad
Wirbelwind Flakpanzer
Wirbelwind Flakpanzer
Selects Support Bunkers
Selects Designated Artillery Overwatch
Selects Call the Reserves!
Marder III M Tank Destroyer
Coastal Reserve
Construct Panzer Kompanie
Selects Artillery Officer
Selects Coastal Wall
MG 42 Bunker
Designated Artillery Overwatch
MG 42 Bunker
Panzer IV Medium Tank
Panzer IV Medium Tank
Jäger Squad
Side Skirts
Panzer Officer Quarters
MG 42 Bunker
Panzer IV Medium Tank
Designated Artillery Overwatch
Jäger Squad
Luftwaffe Officer Quarters
Panzer IV Medium Tank
Designated Artillery Overwatch
Jäger Squad
Coastal Reserve
KoalaImpala
Sir Ringe
Tanith's Finest
mIST
SleepingE
jkh7253
0
0
Comments
sign in to comment!
No comments posted yet!